Map: Tokamak LE

Players

ManlyManMeat - Winner!

  • Race: Zerg Zerg
  • League: Platinum
  • Spawn Location: 1:00

Tragedy

  • Race: Protoss Protoss
  • League: Platinum
  • Spawn Location: 7:00

VOD

Have the link to the VOD?

Description

Time

  • Played on: June 20, 2025, 10:31 a.m.
  • Length: 9:48
Show
View Real Time Build Order
Export as new Build Order

ManlyManMeat Zerg - Winner!

Build Orders: Hatch First 

Get SALT Encoding   

  12  0:00  Drone  
  13  0:08  Drone  
  14  0:15  Extractor  
  14  0:16  Drone  
  15  0:23  Overlord  
  15  0:41  Drone  
  16  0:48  Hatchery  
  15  0:51  Drone  
  15  0:54  Drone  
  17  1:05  Extractor  
  17  1:11  Spawning Pool  
  15  1:41  Drone x2  
  17  1:52  Drone  
  18  1:57  Queen  
  18  1:59  Queen  
  22  2:23  Zergling x6  
  24  2:44  Drone x3  
  24  2:45  Drone  
  27  2:51  Drone  
  28  3:05  Overlord  
  28  3:10  Metabolic Boost  
  28  3:29  Drone  
  28  3:30  Drone x5  
  33  3:37  Drone x2, Roach Warren  
  34  3:56  Drone x2  
  34  3:57  Overlord x2  
  36  4:04  Hatchery  
  35  4:12  Drone  
  36  4:23  Drone x2  
  38  4:29  Drone x2  
  38  4:30  Extractor x2  
  36  4:39  Zergling x4  
  36  4:40  Zergling x12  
  36  4:41  Zergling x2  
  45  4:47  Drone  
  45  4:51  Queen  
  48  5:02  Drone x3  
  51  5:10  Overlord  
  47  5:34  Roach x3  
  47  5:35  Roach x6  
  65  5:41  Spore Crawler  
  64  5:44  Lair, Spore Crawler  
  64  5:48  Evolution Chamber  
  62  5:58  Overlord x3  
  62  5:59  Overlord  
  62  6:17  Zerg Missile Weapons Level 1  
  62  6:20  Evolution Chamber  
  62  6:21  Drone x2  
  62  6:22  Drone  
  62  6:23  Drone x3  
  62  6:24  Drone x4  
  60  7:02  Hydralisk Den  
  60  7:05  Drone x6, Spore Crawler  
  58  7:24  Drone x5  
  58  7:26  Drone x4  
  67  7:31  Hydralisk x4  
  67  7:35  Grooved Spines  
  67  7:36  Zerg Ground Armor Level 1  
  71  7:40  Queen  
  71  7:42  Drone  
  68  7:49  Queen  
  68  7:51  Overlord x5  
  70  7:54  Overseer  
  70  8:00  Roach x5  
  70  8:01  Roach  
  82  8:10  Zergling x6  
  82  8:11  Zergling x2  
  86  8:27  Glial Reconstitution, Muscular Augments  
  86  8:30  Hydralisk x7  
  100  8:37  Zergling x12  
  106  8:51  Zergling x2  
  106  8:52  Zergling x8  
  111  9:13  Zergling x18  
Show
View Real Time Build Order
Export as new Build Order

Tragedy Protoss 

Build Orders:  

Get SALT Encoding   

  12  0:01  Probe  
  13  0:13  Probe  
  14  0:24  Pylon  
  14  0:27  Probe  
  15  0:42  Probe  
  16  0:53  Pylon  
  16  1:03  Forge  
  16  1:07  Gateway  
  16  1:09  Probe  
  17  1:21  Probe  
  17  1:33  Probe  
  18  1:45  Probe  
  19  1:54  Photon Cannon  
  19  1:56  Assimilator  
  19  1:57  Probe  
  20  2:02  Photon Cannon  
  20  2:05  Photon Cannon  
  20  2:06  Pylon  
  20  2:14  Photon Cannon  
  19  2:39  Probe  
  20  2:51  Probe  
  20  2:52  Zealot  
  20  2:55  Assimilator  
  22  2:59  Pylon  
  22  3:03  Probe  
  22  3:04  Cybernetics Core  
  23  3:13  Zealot  
  23  3:15  Probe  
  26  3:27  Probe  
  26  3:30  Gateway  
  26  3:31  Gateway  
  26  3:32  Warp Gate  
  27  3:37  Gateway  
  27  3:41  Pylon  
  27  3:42  Probe  
  28  3:50  Probe  
  29  3:58  Stargate, Probe  
  30  4:07  Zealot  
  32  4:13  Probe  
  33  4:25  Probe  
  34  4:34  Zealot  
  34  4:37  Nexus  
  36  4:41  Pylon  
  36  4:51  Void Ray  
  36  4:55  Pylon  
  40  5:07  Pylon  
  40  5:20  Zealot x2  
  42  5:24  Void Ray, Zealot  
  38  5:43  Zealot x2  
  38  5:44  Sentry  
  44  5:52  Probe  
  45  6:03  Probe  
  45  6:11  Probe  
  46  6:12  Probe  
  46  6:14  Stalker x2  
  52  6:19  Probe  
  52  6:25  Probe  
  54  6:31  Probe  
  55  6:37  Probe  
  52  6:55  Void Ray  
  52  6:57  Stalker x3  
  42  7:36  Void Ray  
  42  7:43  Probe  
  46  7:44  Zealot x2  
  46  7:45  Zealot  
  46  7:49  Probe  
  54  7:51  Probe  
  55  7:59  Pylon  
  55  8:01  Probe x2  
  57  8:08  Void Ray  
  57  8:18  Stalker x2  
  65  8:23  Pylon  
  65  8:27  Assimilator  
  65  8:29  Probe  
  65  8:32  Assimilator  
  66  8:34  Stalker  
  66  8:37  Void Ray  
  72  9:02  Zealot  
  74  9:03  Zealot x2  
  74  9:09  Pylon  
  78  9:13  Pylon  
  78  9:16  Robotics Facility  
  48  9:40  Zealot  
  48  9:41  Zealot  
Tags
 
Matchup
PvZ
Replay Pack
Myownreplay2
Spawn Locations
Cross Positions
Add a new tag
Caveats
  • Supply blocks, unpowered buildings, or Contaminate may cause inaccurate times.
  • Supply counts are checked every 10 seconds.